 Dungeon Crawl Stone Soup version 0.17-a0-26-g7f25774 (webtiles) character file.

72 Papajoes the Firebug (level 4, 0/25 HPs)
             Began as an Imp Fire Elementalist on Sept 3, 2015.
             Slain by a worm (5 damage)
             ... on level 3 of the Dungeon.
             The game lasted 00:13:14 (1797 turns).

Papajoes the Firebug (Imp Fire Elementalist)        Turns: 1797, Time: 00:13:14

Health: 0/25       AC:  2    Str:  7    XL:     4   Next: 6%
Magic:  5/7        EV: 19    Int: 16    God:
Gold:   58         SH:  0    Dex: 16    Spells: 2 memorised, 3 levels left

rFire  . . .     SeeInvis .     (no weapon)
rCold  . . .     Clarity  .     a - +0 robe
rNeg   + + +     SustAb   .     (shield restricted)
rPois  ∞         Gourm    .     (helmet restricted)
rElec  .         Spirit   .     (no cloak)
rCorr  .         Warding  .     (gloves unavailable)
rMut   .         Rnd*Tele +     (boots unavailable)
MR     .....                    (no amulet)
Stlth  ++........               (no ring)
                                (no ring)

@: not resistant to hostile enchantments, unstealthy
A: unfitting armour, blink 2, negative energy resistance 3, regeneration 1,
screaming 3, teleportitis 2, torment resistance
a: Blink


You were on level 3 of the Dungeon.
You were not hungry.

You visited 1 branch of the dungeon, and saw 3 of its levels.

You collected 58 gold pieces.

Inventory:

Hand weapons
 e - a +1 whip
Missiles
 i - 14 stones (quivered)
 m - 16 poisoned needles
Armour
 a - a +0 robe (worn)
Scrolls
 d - a scroll of remove curse
 j - 2 scrolls of identify
 k - 2 scrolls of enchant weapon
 l - 2 scrolls of fog
Potions
 f - a potion of invisibility {unknown}
 g - a potion of ambrosia {unknown}
Books
 b - a book of Flames

   Spells                             Type                      Level
   a - Flame Tongue                   Conjuration/Fire             1
   b - Throw Flame                    Conjuration/Fire             2
   c - Conjure Flame                  Conjuration/Fire             3
   d - Inner Flame                    Hexes/Fire                   3
   e - Sticky Flame                   Conjuration/Fire             4
   f - Fireball                       Conjuration/Fire             5
Comestibles
 c - 4 bread rations
 h - a meat ration
 n - a chunk of flesh


   Skills:
 - Level 1.0 Fighting
 + Level 4.1 Dodging
 - Level 2.2 Stealth
 + Level 2.1 Spellcasting
 - Level 2.0 Conjurations
 + Level 4.1 Fire Magic


You had 3 spell levels left.
You knew the following spells:

 Your Spells              Type           Power        Failure   Level  Hunger
a - Flame Tongue          Conj/Fire      ##...        8%          1    #......
b - Conjure Flame         Conj/Fire      ##......     17%         3    ###....


Dungeon Overview and Level Annotations

Branches:
Dungeon (3/15)

Altars:
Qazlal

Annotations:
D:3 Robin


Innate Abilities, Weirdness & Mutations

You are immune to poison.
You are tiny and cannot use many weapons and most armour.
You are good at translocating small distances at will.
You are immune to negative energy.
Your natural rate of healing is unusually fast.
You frequently scream uncontrollably at your foes.
Space sometimes distorts in your vicinity.
You are immune to unholy pain and torment.


Message History

Robin roars a battlecry!
The goblin goes into a battle-frenzy!
Robin closely misses you. The goblin closely misses you.
You hear a bark!
Unknown command.
Use which ability? (? or * to list)
You fail to use your ability.
The goblin hits you but does no damage. The goblin closely misses you.
The goblin hits you with a dagger. Robin throws the goblin at you!
The rat completely misses you. The goblin hits you with a dagger.
The hobgoblin misses you.
Unknown command.
Use which ability? (? or * to list)
You blink.
You feel slightly more hungry.
A jackal comes into view.
The jackal bites you but does no damage.
The hobgoblin closely misses you. Robin throws the goblin at you!
* * * LOW HITPOINT WARNING * * *
Unknown command.
The goblin misses you. The jackal closely misses you. The worm bites you.
You die...

. .. ....
######## ......
#......# .....
#......#
..=...##.g...%#
#.#####wghgr§§§#
........@wgg§§.#
......h..hggg.§#
.........hgg.§§#
.............####
#.###.#.....#
#.#.....# #
#######


You could see 2 worms, Robin, 4 jackals, 3 hobgoblins, 6 goblins and a rat.

Vanquished Creatures
  An adder (D:2)
  2 worms (D:2)
  A giant gecko (D:2)
  An orc (D:3)
  2 ball pythons
  4 bats
  4 giant cockroaches
  8 hobgoblins
  An ooze (D:3)
  A quokka (D:2)
  2 giant newts
  7 goblins
  10 kobolds
  3 rats
47 creatures vanquished.

Notes
Turn   | Place    | Note
--------------------------------------------------------------
     0 | D:1      | Papajoes, the Imp Fire Elementalist, began the quest for the Orb.
     0 | D:1      | Reached XP level 1. HP: 10/10 MP: 3/3
   124 | D:1      | Reached XP level 2. HP: 8/16 MP: 0/4
   193 | D:1      | Reached skill level 4 in Fire Magic
   222 | D:1      | Reached skill level 1 in Fighting
   271 | D:1      | Reached skill level 1 in Conjurations
   700 | D:2      | Found a stormy altar of Qazlal.
   761 | D:2      | Reached XP level 3. HP: 7/20 MP: 1/6
   766 | D:2      | Learned a level 3 spell: Conjure Flame
  1727 | D:2      | Reached XP level 4. HP: 18/25 MP: 2/7
  1782 | D:3      | Noticed Robin
  1797 | D:3      | Slain by a worm

Action                   |  1- 3 |  4- 6 || total
-------------------------+-------+-------++-------
Melee: Unarmed           |    43 |       ||    43
       Whip              |    43 |       ||    43
Throw: Stone             |    12 |       ||    12
 Cast: Flame Tongue      |    59 |     5 ||    64
       Conjure Flame     |     2 |       ||     2
 Abil: Blink             |     8 |     4 ||    12
  Use: Scroll            |       |     4 ||     4
  Eat: Chunk             |     4 |     1 ||     5
